12 | 0:03 | Probe (Chrono Boost) | |
13 | 0:13 | Probe (Chrono Boost) | |
14 | 0:21 | Pylon | |
14 | 0:25 | Probe (Chrono Boost) | |
15 | 0:39 | Probe (Chrono Boost) | |
16 | 0:43 | Gateway | |
16 | 0:47 | Assimilator | |
17 | 0:50 | Probe (Chrono Boost) | |
17 | 1:00 | Probe (Chrono Boost) | |
18 | 1:11 | Probe (Chrono Boost) | |
19 | 1:21 | Probe (Chrono Boost) | |
20 | 1:27 | Nexus | |
20 | 1:35 | Cybernetics Core | |
20 | 1:43 | Assimilator | |
20 | 1:45 | Probe (Chrono Boost) | |
21 | 1:54 | Pylon | |
21 | 1:56 | Probe (Chrono Boost) | |
22 | 2:07 | Probe (Chrono Boost) | |
23 | 2:15 | Warp Gate | |
23 | 2:16 | Adept | |
23 | 2:19 | Probe (Chrono Boost) | |
26 | 2:31 | Mothership Core (Chrono Boost) | |
28 | 2:40 | Probe (Chrono Boost) | |
29 | 2:49 | Probe (Chrono Boost) | |
29 | 2:50 | Probe (Chrono Boost) | |
31 | 2:53 | Robotics Facility | |
30 | 2:59 | Probe (Chrono Boost) | |
30 | 3:01 | Probe (Chrono Boost) | |
32 | 3:09 | Gateway | |
32 | 3:13 | Probe x2 (Chrono Boost) | |
34 | 3:23 | Probe (Chrono Boost) | |
34 | 3:24 | Probe (Chrono Boost) | |
34 | 3:26 | Gateway | |
36 | 3:30 | Forge | |
36 | 3:35 | Probe (Chrono Boost) | |
36 | 3:36 | Probe (Chrono Boost) | |
36 | 3:39 | Observer | |
36 | 3:40 | Twilight Council | |
39 | 3:48 | Probe (Chrono Boost) | |
39 | 3:50 | Probe (Chrono Boost) | |
41 | 3:59 | Probe (Chrono Boost) | |
41 | 4:02 | Probe (Chrono Boost) | |
43 | 4:05 | Pylon | |
43 | 4:07 | Observer | |
45 | 4:10 | Probe (Chrono Boost) | |
45 | 4:13 | Protoss Ground Weapons Level 1 | |
45 | 4:14 | Probe (Chrono Boost) | |
45 | 4:15 | Pylon | |
45 | 4:20 | Probe (Chrono Boost) | |
45 | 4:21 | Resonating Glaives | |
46 | 4:26 | Probe (Chrono Boost) | |
47 | 4:38 | Pylon, Assimilator x2 | |
47 | 4:41 | Nexus | |
47 | 4:46 | Pylon | |
47 | 4:47 | Pylon | |
47 | 4:49 | Observer | |
47 | 4:50 | Pylon, Probe (Chrono Boost) | |
47 | 4:52 | Probe (Chrono Boost) | |
50 | 5:01 | Probe (Chrono Boost) | |
50 | 5:04 | Probe (Chrono Boost) | |
52 | 5:10 | Pylon | |
52 | 5:12 | Observer, Probe (Chrono Boost) | |
53 | 5:16 | Pylon, Probe (Chrono Boost) | |
53 | 5:19 | Pylon | |
55 | 5:22 | Probe (Chrono Boost) | |
55 | 5:26 | Gateway | |
55 | 5:27 | Gateway | |
57 | 5:28 | Probe (Chrono Boost) | |
57 | 5:29 | Gateway | |
57 | 5:33 | Probe (Chrono Boost) | |
58 | 5:40 | Probe (Chrono Boost) | |
59 | 5:44 | Probe (Chrono Boost) | |
59 | 5:48 | Stargate x2 | |
60 | 5:52 | Probe (Chrono Boost), Stargate | |
61 | 5:59 | Probe x2 (Chrono Boost) | |
61 | 6:03 | Observer | |
64 | 6:04 | Probe (Chrono Boost) | |
64 | 6:08 | Blink | |
65 | 6:15 | Robotics Bay, Robotics Facility | |
65 | 6:22 | Protoss Ground Weapons Level 2 | |
65 | 6:24 | Probe x2 (Chrono Boost) | |
68 | 6:25 | Probe (Chrono Boost) | |
68 | 6:27 | Assimilator | |
68 | 6:30 | Pylon, Assimilator | |
68 | 6:35 | Pylon | |
68 | 6:36 | Photon Cannon | |
68 | 6:39 | Gateway x2 | |
68 | 6:46 | Probe (Chrono Boost) | |
71 | 6:47 | Probe (Chrono Boost) | |
71 | 6:48 | Probe (Chrono Boost) | |
70 | 7:04 | Probe x2 (Chrono Boost) | |
70 | 7:05 | Probe (Chrono Boost) | |
70 | 7:06 | Adept x5 | |
70 | 7:07 | Adept | |
84 | 7:16 | Pylon | |
84 | 7:18 | Pylon | |
84 | 7:19 | Probe x2 (Chrono Boost) | |
84 | 7:20 | Probe (Chrono Boost) | |
87 | 7:23 | Observer | |
87 | 7:24 | Nexus | |
87 | 7:26 | Observer | |
89 | 7:32 | Pylon | |
89 | 7:34 | Pylon | |
89 | 7:39 | Probe x2 (Chrono Boost) | |
89 | 7:41 | Probe (Chrono Boost) | |
92 | 7:46 | Phoenix x2 | |
92 | 7:50 | Probe x2 (Chrono Boost), Stargate | |
99 | 7:51 | Robotics Facility | |
99 | 7:53 | Probe (Chrono Boost) | |
99 | 7:57 | Pylon | |
99 | 8:13 | Adept | |
99 | 8:14 | Adept x5 | |
99 | 8:16 | Phoenix x2 | |
115 | 8:25 | Assimilator | |
115 | 8:28 | Assimilator | |
115 | 8:30 | Probe (Chrono Boost) | |
115 | 8:31 | Probe (Chrono Boost), Photon Cannon | |
115 | 8:32 | Pylon, Probe (Chrono Boost) | |
115 | 8:34 | Gateway | |
118 | 8:35 | Gateway | |
118 | 8:37 | Disruptor | |
118 | 8:39 | Gateway | |
118 | 8:41 | Probe x2 (Chrono Boost), Phoenix | |
122 | 8:42 | Disruptor | |
122 | 8:44 | Probe (Chrono Boost) | |
122 | 8:46 | Probe (Chrono Boost) | |
122 | 8:47 | Photon Cannon | |
130 | 8:51 | Probe (Chrono Boost) | |
130 | 8:52 | Probe (Chrono Boost) | |
133 | 8:56 | Probe x2 (Chrono Boost) | |
133 | 9:02 | Probe x2 (Chrono Boost) | |
136 | 9:07 | Probe (Chrono Boost) | |
136 | 9:08 | Probe (Chrono Boost) | |
136 | 9:09 | Protoss Ground Weapons Level 3, Protoss Air Weapons Level 1 | |
138 | 9:12 | Observer Gravitic Boosters | |
138 | 9:13 | Probe x2 (Chrono Boost) | |
140 | 9:17 | Phoenix | |
140 | 9:18 | Phoenix x2 | |
146 | 9:30 | Disruptor | |
144 | 9:31 | Probe (Chrono Boost) | |
144 | 9:32 | Probe x2 (Chrono Boost) | |
144 | 9:33 | Probe (Chrono Boost) | |
147 | 9:42 | Probe x3 (Chrono Boost), Phoenix x2 | |
147 | 9:45 | Probe (Chrono Boost) | |
155 | 9:49 | Phoenix | |
157 | 9:54 | Nexus | |
137 | 10:07 | Phoenix x2 | |
137 | 10:13 | Pylon | |
141 | 10:15 | Pylon | |
141 | 10:16 | Pylon, Disruptor | |
141 | 10:19 | Assimilator | |
141 | 10:20 | Probe x2 (Chrono Boost) | |
141 | 10:21 | Probe (Chrono Boost), Disruptor x2 | |
144 | 10:23 | Assimilator | |
144 | 10:25 | Pylon | |
144 | 10:27 | Charge | |
153 | 10:30 | Adept x3 | |
153 | 10:31 | Adept x5 | |
153 | 10:32 | Adept x2 | |
154 | 11:06 | Protoss Air Armor Level 1 | |
154 | 11:07 | Phoenix x2 | |
154 | 11:08 | Phoenix | |
143 | 11:27 | Observer | |
143 | 11:30 | Observer x2 | |
143 | 11:32 | Phoenix | |
148 | 11:43 | Fleet Beacon | |
148 | 11:45 | Cybernetics Core | |
148 | 11:46 | Protoss Ground Armor Level 1 | |
148 | 11:48 | Pylon | |
148 | 11:49 | Pylon | |
148 | 11:51 | Pylon | |
148 | 11:52 | Pylon | |
148 | 11:56 | Adept x4 | |
148 | 11:57 | Adept x4 | |
148 | 11:58 | Adept x3 | |
148 | 12:00 | Probe x3 (Chrono Boost) | |
174 | 12:01 | Probe (Chrono Boost) | |
168 | 12:13 | Probe (Chrono Boost) | |
163 | 12:26 | Nexus | |
163 | 12:28 | Nexus | |
163 | 12:31 | Probe x2 (Chrono Boost) | |
163 | 12:32 | Probe (Chrono Boost) | |
163 | 12:33 | Probe (Chrono Boost) | |
163 | 12:34 | Pylon | |
168 | 12:45 | Probe (Chrono Boost) | |
168 | 12:48 | Pylon | |
168 | 12:49 | Pylon | |
168 | 12:50 | Disruptor | |
167 | 12:51 | Adept | |
167 | 12:52 | Assimilator, Adept x7 | |
167 | 12:53 | Adept x2 | |
167 | 12:55 | Disruptor x2 | |
196 | 13:02 | Gateway | |
196 | 13:03 | Gateway | |
196 | 13:05 | Gateway | |
196 | 13:06 | Photon Cannon | |
196 | 13:08 | Photon Cannon | |
196 | 13:10 | Photon Cannon | |
196 | 13:11 | Pylon x2 | |
196 | 13:12 | Probe x3 (Chrono Boost) | |
200 | 13:14 | Probe (Chrono Boost) | |
200 | 13:29 | Protoss Air Weapons Level 2 | |
200 | 13:30 | Protoss Air Armor Level 2 | |
200 | 13:34 | Anion Pulse-Crystals | |
200 | 13:37 | Gravitic Drive | |
200 | 13:39 | Templar Archives | |
200 | 13:41 | Dark Shrine | |
200 | 13:47 | Forge | |
192 | 14:13 | Phoenix x3 | |
198 | 14:20 | Adept x2 | |
199 | 14:39 | Gateway | |
199 | 14:41 | Gateway, Photon Cannon | |
199 | 14:43 | Photon Cannon | |
199 | 14:47 | Photon Cannon | |
199 | 14:59 | Protoss Ground Armor Level 2 | |
199 | 15:00 | Protoss Shields Level 1 | |
199 | 15:02 | Psionic Storm | |
199 | 15:10 | Nexus | |
195 | 15:26 | Pylon | |
195 | 15:27 | Pylon | |
195 | 15:30 | Assimilator | |
195 | 15:32 | Assimilator | |
195 | 15:34 | Assimilator x2 | |
194 | 15:53 | Gateway, Photon Cannon | |
194 | 15:54 | Gateway | |
194 | 15:56 | Gateway | |
194 | 15:59 | Gateway | |
194 | 16:02 | Photon Cannon | |
194 | 16:07 | Photon Cannon | |
194 | 16:15 | Photon Cannon x2 | |
194 | 16:17 | Photon Cannon, Oracle x2 | |
200 | 16:19 | Photon Cannon | |
200 | 16:25 | Protoss Air Weapons Level 3 | |
200 | 16:26 | Pylon, Protoss Air Armor Level 3 | |
200 | 16:50 | Nexus | |
200 | 16:52 | Pylon | |
200 | 16:54 | Pylon | |
200 | 16:55 | Protoss Shields Level 2 | |
200 | 16:57 | Assimilator | |
200 | 16:59 | Assimilator | |
195 | 17:27 | Disruptor | |
195 | 17:28 | Dark Templar x5 | |
195 | 17:29 | Dark Templar x5 | |
185 | 17:30 | Dark Templar x4 | |
185 | 17:33 | Disruptor | |
185 | 17:34 | Dark Templar x3 | |
185 | 17:35 | Dark Templar x6 | |
185 | 17:36 | Dark Templar x2 | |
140 | 17:56 | Probe x2 (Chrono Boost) | |
140 | 17:57 | Probe x3 (Chrono Boost) | |
140 | 17:58 | Probe (Chrono Boost) | |
146 | 18:03 | Photon Cannon | |
146 | 18:04 | Gateway x2 | |
146 | 18:07 | Gateway | |
146 | 18:10 | Probe (Chrono Boost), Photon Cannon | |
147 | 18:14 | Probe x2 (Chrono Boost) | |
147 | 18:15 | Gateway | |
147 | 18:18 | Photon Cannon | |
145 | 18:20 | Photon Cannon | |
145 | 18:21 | Photon Cannon, Phoenix x3 | |
145 | 18:23 | Photon Cannon | |
145 | 18:27 | Photon Cannon | |
136 | 18:28 | Photon Cannon | |
136 | 18:29 | Photon Cannon | |
130 | 18:35 | Probe (Chrono Boost) | |
130 | 18:37 | Probe (Chrono Boost) | |
128 | 18:46 | Phoenix x3 | |
99 | 19:11 | Phoenix x3 | |
99 | 19:14 | Protoss Shields Level 3 | |
99 | 19:16 | Immortal, Protoss Ground Armor Level 3 | |
103 | 19:21 | Immortal x2 | |
114 | 19:44 | Photon Cannon | |
114 | 19:45 | Pylon, High Templar x5 | |
120 | 19:46 | High Templar x4 | |
120 | 19:50 | Immortal | |
132 | 19:54 | Dark Templar | |
132 | 19:55 | Dark Templar x5 | |
132 | 19:56 | Dark Templar x3 | |
132 | 19:57 | Dark Templar | |
132 | 19:58 | Phoenix x3 | |
162 | 20:00 | Immortal x2 | |
150 | 20:14 | Dark Templar x3 | |
150 | 20:23 | Phoenix | |
150 | 20:28 | Probe x6 (Chrono Boost) | |
157 | 20:29 | Probe (Chrono Boost) | |
156 | 20:38 | Probe (Chrono Boost) | |
156 | 20:40 | Phoenix x2 | |
156 | 20:41 | Probe (Chrono Boost) | |
162 | 20:48 | Phoenix | |
164 | 20:55 | Photon Cannon | |
164 | 20:56 | Photon Cannon | |
164 | 20:57 | Photon Cannon | |
164 | 21:01 | Probe (Chrono Boost) | |
164 | 21:02 | Probe (Chrono Boost), Photon Cannon | |
164 | 21:03 | Probe (Chrono Boost) | |
167 | 21:07 | Photon Cannon | |
167 | 21:12 | Immortal | |
167 | 21:18 | Immortal | |
174 | 21:21 | Phoenix | |
174 | 21:24 | High Templar x2 | |
180 | 21:25 | High Templar | |
180 | 21:27 | High Templar | |
180 | 21:29 | Archon | |
180 | 21:30 | Archon | |
184 | 21:53 | Pylon | |
179 | 22:08 | Dark Templar x3 | |
179 | 22:09 | Dark Templar x5 | |
179 | 22:10 | Dark Templar x2 | |
179 | 22:11 | Dark Templar x2 | |
188 | 22:21 | Archon | |
167 | 22:28 | Archon | |
148 | 22:38 | Adept x4 | |
148 | 22:39 | Adept x2 | |
159 | 22:45 | Adept x5 | |